 Dungeon Crawl Stone Soup version 0.18-a0-1164-g7046a04 (webtiles) character file.

32 poirepourri the Scratcher (level 3, -2/15 HPs)
             Began as a Felid Transmuter on Jan 25, 2016.
             Slain by Terence
             ... wielding a +0 trident
              (11 damage)
             ... on level 2 of the Dungeon.
             The game lasted 00:01:46 (818 turns).

poirepourri the Scratcher (Felid Transmuter)         Turns: 818, Time: 00:01:46

Health: -2/15      AC:  4    Str:  7    XL:     3   Next: 8%
Magic:  5/7        EV: 18    Int: 14    God:
Gold:   50         SH:  0    Dex: 16    Spells: 2 memorised, 3 levels left
                                        Lives:  0   Deaths: 0

rFire  . . .     SeeInvis +       - Unarmed
rCold  . . .     Gourm    .     (armour unavailable)
rNeg   . . .     Faith    .     (shield unavailable)
rPois  .         Spirit   .     (helmet unavailable)
rElec  .         Dismiss  .     (cloak unavailable)
rCorr  .         Reflect  .     (gloves unavailable)
SustAt .         Harm     .     (boots unavailable)
MR     .....                    (no amulet)
Stlth  ++........               (no ring)
                                l - +3 ring of protection

@: appendage, quick, not resistant to hostile enchantments, unstealthy
A: no armour, no weapons or thrown items, claws 1, fangs 3, horns 2, see
invisible, carnivore 3, speed 1, shaggy fur 1, slow metabolism 1, sharp paws
a: End Transformation


You were on level 2 of the Dungeon.
You were not hungry.
You had grown temporary horns.
You visited 1 branch of the dungeon, and saw 2 of its levels.

You collected 50 gold pieces.

Inventory:

Missiles
 a - 8 arrows
 d - 12 arrows of frost
Jewellery
 e - a cursed ring of teleportation {unknown}
 l - a +3 ring of protection (left paw)
Scrolls
 j - a scroll of magic mapping {unknown}
Potions
 f - a potion of brilliance {unknown}
 g - a potion of flight {unknown}
 h - a potion of cancellation {unknown}
 i - 2 potions of lignification
 k - a potion of resistance {unknown}
Books
 b - a book of Changes

   Spells                             Type                      Level
   a - Beastly Appendage              Transmutation                1
   b - Sticks to Snakes               Transmutation                2
   c - Spider Form                    Transmutation/Poison         3
   d - Ice Form                       Ice/Transmutation            4
   e - Blade Hands                    Transmutation                5
Comestibles
 c - a meat ration


   Skills:
 + Level 1.3 Fighting
 + Level 3.0 Dodging
 + Level 3.6 Unarmed Combat
 + Level 2.1 Spellcasting
 + Level 2.6 Transmutations


You had 3 spell levels left.
You knew the following spells:

 Your Spells              Type           Power        Failure   Level  Hunger
a - Beastly Appendage     Trmt           #.....       10%         1    ##.....
b - Sticks to Snakes      Trmt           #.......     14%         2    ###....


Dungeon Overview and Level Annotations

Branches:
Dungeon (2/15)

Altars:

Annotations:
D:2 Terence


Innate Abilities, Weirdness & Mutations

You cannot wear armour.
You are incapable of wielding weapons or throwing items.
You have sharp claws.
You have razor-sharp teeth.
You have supernaturally acute eyesight.
You are carnivorous and can eat meat at any time.
You cover ground quickly.
You are covered in fur (AC +1).
You have a slow metabolism.
Your sharp claws are effective at attacking unaware monsters.
You have a pair of horns on your head.


Message History

Terence misses you.
You barely miss Terence. Your bite misses Terence.
Terence is heavily wounded.
Terence hits you with a trident.
You scratch Terence.
Terence is severely wounded.
Terence misses you.
You scratch Terence but do no damage. Your bite misses Terence.
Terence is severely wounded.
Casting: Sticks to Snakes
Confirm with . or Enter, or press ? or * to list all spells.
You grow a pair of large bovine horns.
Terence completely misses you.
You scratch Terence. Your headbutt misses Terence.
Terence is severely wounded.
Terence closely misses you.
You closely miss Terence.
Terence is severely wounded.
Terence hits you with a trident!
Ouch! That really hurt!
You die...

... . . . .. ..####
## . .... ...
.....##.#######....
.......@@S.....###
#..##.##.........
#..##.##...##.###
#......'...+ ..
#..##.##...# .
#.##.......
#.#####.#.#
#####.#####.#.####
#................
....


You could see Terence and a friendly adder.

Vanquished Creatures
  A giant cockroach (D:2)
  5 goblins
  4 hobgoblins
  2 kobolds (D:1)
  3 bats
15 creatures vanquished.

Vanquished Creatures (collateral kills)
  Robin (D:2)
  6 goblins (D:2)
  A bat (D:2)
8 creatures vanquished.

Grand Total: 23 creatures vanquished

Notes
Turn   | Place    | Note
--------------------------------------------------------------
     0 | D:1      | poirepourri the Felid Transmuter began the quest for the Orb.
     0 | D:1      | Reached XP level 1. HP: 9/9 MP: 4/4
   337 | D:1      | Reached XP level 2. HP: 10/12 MP: 6/6
   565 | D:2      | Learned a level 2 spell: Sticks to Snakes
   683 | D:2      | Noticed Robin
   695 | D:2      | Killed Robin
   697 | D:2      | Reached XP level 3. HP: 13/15 MP: 2/7
   800 | D:2      | Noticed Terence
   818 | D:2      | Slain by Terence

Vault maps used:
D:1:      saegor_arrival_simple_d
D:2:      bh_walls_and_bars, uniq_terence, uniq_crazy_yiuf_cottage, uniq_robin

Action                   || total
-------------------------++-------
Melee: Unarmed           ||    43
 Cast: Beastly Appendage ||     3
       Sticks to Snakes  ||     4
  Use: Scroll            ||     3
       Potion            ||     1
 Stab: Distracted        ||     1
